 Dungeon Crawl Stone Soup version 0.31-a0-631-g285b096dc4 (webtiles) character file.

Game seed: 13501362389090838956

28 MackTheKnife the Grave Robber (level 2, -4/22 (24) HPs)
             Began as a Deep Elf Wanderer on Aug 26, 2023.
             Slain by Sigmund
             ... wielding a +0 scythe of venom
              (5 damage)
             ... on level 2 of the Dungeon.
             The game lasted 00:03:19 (1435 turns).

MackTheKnife the Grave Robber (Deep Elf Wanderer)   Turns: 1435, Time: 00:03:20

HP:   -4/22 (24)    AC: 21    Str:  6    XL:     2   Next: 96%
MP:   6/8           EV:  2    Int: 18    God:
Gold: 27            SH:  0    Dex: 15    Spells: 5/7 levels left

rFire   . . .        (no weapon)
rCold   . . .        (no shield)
rNeg    . . .        e - melded +0 leather armour
rPois   +            (helmet currently unavailable)
rElec   .            h - melded +0 cloak
rCorr   .            (gloves currently unavailable)
SInv    .            (boots currently unavailable)
Will    .....        (no amulet)
Stlth   ++           (no ring)
HPRegen 0.23/turn    (no ring)
MPRegen 0.11/turn

%: no passive effects
@: lethally poisoned (-4 -> -10), tree-form, drained
A: stationary, stasis, torment immunity, boosted hp
a: no special abilities


You were on level 2 of the Dungeon.
You were a tree.
You visited 1 branch of the dungeon, and saw 2 of its levels.

You collected 27 gold pieces.


   Skills:
 - Level 1.5 Fighting
 - Level 1.0 Throwing
 - Level 2.4 Dodging
 - Level 1.3 Stealth
 + Level 3.1 Spellcasting
 + Level 1.2 Summonings
 - Level 3.6 Necromancy
 - Level 1.1 Translocations


You had 5 spell levels left.
You knew the following spells:

 Your Spells              Type           Power      Damage    Failure   Level
a - Kiss of Death         Conj/Necr      36%        2d8       8%          1
b - Summon Small Mammal   Summ           28%        N/A       10%         1

Your spell library contained the following spells:

 Spells                   Type           Power      Damage    Failure   Level
 Apportation              Tloc           12%        N/A       11%         1
 Call Canine Familiar     Summ           7%         N/A       28%         3
 Portal Projectile        Hex/Tloc       8%         N/A       36%         3
 Summon Guardian Golem    Hex/Summ       5%         N/A       36%         3
 Animate Dead             Necr           15%        N/A       36%         4
 Ozocubu's Armour         Ice            2%         N/A       43%         3
 Anguish                  Hex/Necr       4%         N/A       58%         4
 Ozocubu's Refrigeration  Ice            1%         4d7       100%        7

Inventory:

Hand Weapons
 a - a +0 dagger {short}
Armour
 e - a +0 leather armour (melded)
   (You found it on level 1 of the Dungeon)
 h - a +0 cloak (melded)
   (You found it on level 1 of the Dungeon)
Scrolls
 c - 2 scrolls of teleportation {unknown}
 f - a scroll of amnesia {unknown}
 g - a scroll of identify {unknown}
 i - a scroll of noise {unknown}
 j - a scroll of fear {unknown}
Potions
 b - a potion of haste {@q3}
 k - 2 potions of attraction {unknown}

Dungeon Overview and Level Annotations

Branches:
Dungeon (2/15) Zot: 10565

Altars:

Annotations:
D:2 Sigmund

.... # ####.... ..####
... .#.# #. .....####.#
##..# ... #@.#......#
#...# ....
#........####.#.####.....
#.........†...#@#b.....#
#....K...#####..♣.#
.......#K#####...## .#
.##.#.##.##.....##...# #
#...##............#
##........##.######
#.##....##..#
#.##........##
#.#......(...######
#.....##..........##


You could see Sigmund (ally target) and a friendly bat (summoned).


Message History

😕 HP[-1]
You take 1 damage, and now have 12/15 hp.
You hit the kobold.
Your bat hits the kobold but does no damage. x2
You hit the kobold.
You kill the kobold!
No target in view!
You start resting. 😕 HP[+1] MP[+1]
Your mp is fully restored (8).
No target in view!
You swap places.
Things that are here:
a +0 dagger {short}; 4 stones {throwing}
k - 2 orange potions 😎 HP[+2]
Your hp is fully restored (15).
Your bat disappears in a puff of smoke!
Key pressed, stopping explore.
Key pressed, stopping explore.
A ball python comes into view.
A ball python is nearby!
You miscast Summon Small Mammal.
You are very lightly contaminated with residual magic.
Nothing appears to happen. 😎 MP[-1]
You lost 1 mp, and now have 7/8 mp.
The ball python hisses angrily. 😎 MP[-1]
You lost 1 mp, and now have 6/8 mp.
Unknown command.
You miscast Summon Small Mammal.
Nothing appears to happen.
The ball python misses you. The ball python grabs you.
The ball python constricts you. 😎 MP[-1]
You lost 1 mp, and now have 5/8 mp.
You barely miss the ball python. Your bat hits the ball python.
The ball python bites you but does no damage.
The ball python constricts you.
You hit the ball python.
The ball python bites you but does no damage.
The ball python constricts you.
Your bat barely misses the ball python.
Unknown command.
You barely miss the ball python.
Your bat barely misses the ball python.
The ball python barely misses you. The ball python constricts you.
You hit the ball python but do no damage.
The ball python closely misses you. The ball python constricts you.
Your bat hits the ball python. You hit the ball python.
You kill the ball python!
No target in view!
No target in view!
Sigmund is nearby!
Sigmund is nearby! 😎 MP[+1] Sigmund is nearby!
Sigmund hits you with a +0 scythe of venom!
You are lethally poisoned! 😮 HP[-7]
You take 7 damage, and now have 8/15 hp.
MASSIVE DAMAGE!! (PAUSE)
You turn into a tree.
Your +0 cloak melds into your body.
Your +0 leather armour melds into your body.
Your roots penetrate the ground.
You feel sick. 😨 HP[+2]
You now have 22 max hp (+7).
You regained 2 hp, and now have 10/22 hp.
You are now empty-handed.
You feel sick. 😨 HP[-1]
You take 1 damage, and now have 9/22 hp.
You hit Sigmund.
You feel sick.
Sigmund hits you but does no damage. 😨 HP[-1]
You take 1 damage, and now have 8/22 hp.
You closely miss Sigmund.
You feel sick. Sigmund hits you but does no damage.
You are lethally poisoned! 😨 HP[-1]
You take 1 damage, and now have 7/22 hp.
You barely miss Sigmund.
* * * LOW HITPOINT WARNING * * *
You feel very sick.
Your magical contamination has completely faded away. 😱 HP[-3]
You take 3 damage, and now have 4/22 hp.
Unknown command.
You barely miss Sigmund.
* * * LOW HITPOINT WARNING * * *
You feel sick.
Sigmund points at you and mumbles some strange words.
You resist with significant effort. 😱 HP[-2]
You take 2 damage, and now have 2/22 hp.
Unknown command.
You hit Sigmund.
* * * LOW HITPOINT WARNING * * *
You feel sick. Sigmund looks at you with fury.
Sigmund hits you with a +0 scythe of venom.
You die...
Sigmund begins carving another notch in his scythe.

Skill      XL: |  1  2 |
---------------+-------+-----
Stealth        | 1 |  1.3
Spellcasting   | 2 3 |  3.1
Summonings     | 1 |  1.2
Fighting       | |  1.5
Throwing       | |  1.0
Dodging        | |  2.4
Necromancy     | |  3.6
Translocations | |  1.1

Action                     || total
---------------------------++-------
  Melee: Dagger            ||    83
         Unarmed           ||     5
   Cast: Summon Small Mamm ||    33
         Kiss of Death     ||     1
    Use: Potion            ||     1
   Stab: Distracted        ||     1
         Sleeping          ||     1
 Armour: Leather armour    ||    32
         Robe              ||     2
         Skin              ||     2
  Dodge: Dodged            ||    62

Levels and vault maps discovered:
D:1:      wander_arrival_lonely_grave, layout_rooms, basic_ecumenical_altar,
          serial_corexii_hall, chequers_hall_statues_wall_a,
          corexii_hall_statues_x, roderic_lattice_a,
          amcnicky_mini_corridor_feature
D:2:      layout_rooms, uniq_sigmund, uniq_jessica, uniq_crazy_yiuf_cottage

Notes
Turn   | Place    | Note
-------+----------+-------------------------------------------
     0 | D:1      | MackTheKnife the Deep Elf Wanderer began the quest for the
                  | Orb.
     0 | D:1      | MackTheKnife set off with the following items: a +0 dagger
                  | {short}, a potion of haste {@q3}, a +0 robe, a potion of
                  | lignification {!q}; and the following spells available to
                  | memorise: Kiss of Death, Apportation, Portal Projectile,
                  | Animate Dead, Anguish.
     0 | D:1      | Reached XP level 1. HP: 12/12 MP: 5/5
     0 | D:1      | magus.rc [v1.9.6]
     2 | D:1      | Learned a level 1 spell: Kiss of Death
    43 | D:1      | Reached skill level 1 in Stealth
   126 | D:1      | You pick up a book of Callings and begin reading...
   126 | D:1      | You add the spells Summon Small Mammal, Call Canine
                  | Familiar and Summon Guardian Golem to your library.
   133 | D:1      | Learned a level 1 spell: Summon Small Mammal
   161 | D:1      | Reached skill level 2 in Spellcasting
   279 | D:1      | You add the spells Ozocubu's Armour and Ozocubu's
                  | Refrigeration to your library.
   363 | D:1      | Reached XP level 2. HP: 16/16 MP: 1/7
   973 | D:1      | Found a faded altar of an unknown god.
  1026 | D:1      | Reached skill level 1 in Summonings
  1031 | D:1      | Reached skill level 3 in Spellcasting
  1299 | D:2      | Noticed Sigmund
  1433 | D:2      | HP: 4/22 [poisoned by Sigmund]
  1435 | D:2      | HP: 1/22 [poisoned by Sigmund]
  1435 | D:2      | Slain by Sigmund

Vanquished Creatures
  A ball python (D:2)
  2 bats (D:1)
  A giant cockroach (D:1)
  5 hobgoblins
  2 jackals (D:1)
  A kobold (D:2)
  A quokka (D:1)
  A frilled lizard (D:1)
  2 goblins (D:1)
  A rat (D:1)
17 creatures vanquished.

Vanquished Creatures (collateral kills)
  A giant cockroach (D:1)
  A hobgoblin (D:1)
  A quokka (D:2)
  2 ball pythons (D:1)
  A frilled lizard (D:1)
  A rat (D:1)
7 creatures vanquished.

Grand Total: 24 creatures vanquished

Table legend:
 A = Non-vault XP
 B = Vault XP
 C = Vault XP percentage of total XP
 D = Non-vault monster count
 E = Vault monster count
 F = Vault count percentage of total count
                 A         B        C        D         E       F
            +---------+---------+-------+---------+---------+-------
      Total |      40 |       0 |   0.0 |      24 |       0 |   0.0
            +---------+---------+-------+---------+---------+-------
        D:1 |      32 |       0 |   0.0 |      20 |       0 |   0.0
        D:2 |       8 |       0 |   0.0 |       4 |       0 |   0.0
            +---------+---------+-------+---------+---------+-------

Skill      XL: |  1  2 |
---------------+-------+-----
Stealth        | 1 |  1.3
Spellcasting   | 2 3 |  3.1
Summonings     | 1 |  1.2
Fighting       | |  1.5
Throwing       | |  1.0
Dodging        | |  2.4
Necromancy     | |  3.6
Translocations | |  1.1

Action                     || total
---------------------------++-------
  Melee: Dagger            ||    83
         Unarmed           ||     5
   Cast: Summon Small Mamm ||    33
         Kiss of Death     ||     1
    Use: Potion            ||     1
   Stab: Distracted        ||     1
         Sleeping          ||     1
 Armour: Leather armour    ||    32
         Robe              ||     2
         Skin              ||     2
  Dodge: Dodged            ||    62

Illustrated notes

Table legend:
 A = Kills in this place as a percentage of kills in the entire game.
 B = Kills by you in this place as a percentage of kills by you in the entire game.
 C = Kills by friends in this place as a percentage of kills by friends in the entire game.
 D = Other kills in this place as a percentage of other kills in the entire game.
 E = Experience gained in this place as a percentage of experience gained in the entire game.
 F = Experience gained in this place divided by the number of levels of this place that you have seen.
                   A       B       C       D       E      F
               +-------+-------+-------+-------+-------+----------------------
         Total | 100.0 | 100.0 | 100.0 |   N/A | 100.0 |  20.0
       Dungeon | 100.0 | 100.0 | 100.0 |   N/A | 100.0 |  20.0
               +-------+-------+-------+-------+-------+----------------------

Table legend: (Time is in decaauts)
 A = Elapsed time spent in this place.
 B = Non-inter-level travel time spent in this place.
 C = Inter-level travel time spent in this place.
 D = Time resting spent in this place.
 E = Time spent auto-exploring this place.
 F = Levels seen in this place.
 G = Mean time per level.
                   A        B        C        D        E       F      G
               +--------+--------+--------+--------+--------+-----+--------+
         Total |   1434 |   1404 |     30 |     85 |    934 |   2 |  717.0 |
       Dungeon |   1434 |   1404 |     30 |     85 |    934 |   2 |  717.0 |
               +--------+--------+--------+--------+--------+-----+--------+

Top non-repeatable levels by time:
     D:1: 1229 daAuts
     D:2: 205 daAuts
